 Dungeon Crawl Stone Soup version 0.23.2-1-ga50397a6bc (webtiles) character file.

Game seed: 15480564441622332822

417 Gargoyl the Skirmisher (level 6, -4/52 HPs)
             Began as a Centaur Abyssal Knight on May 10, 2019.
             Was a Believer of Lugonu.
             Killed by divine providence
             ... invoked by an orc priest
              (9 damage)
             ... on level 3 of the Dungeon.
             The game lasted 00:06:56 (3770 turns).

Gargoyl the Skirmisher (Centaur Abyssal Knight)     Turns: 3770, Time: 00:06:58

Health: -4/52      AC:  9    Str: 12 (14) XL:     6   Next: 61%
Magic:  8/8        EV:  8    Int: 10 (11) God:    Lugonu [**....]
Gold:   213        SH:  0    Dex:  8 (11) Spells: 5/5 levels left

rFire    . . .     SeeInvis .   a - +3 hand axe
rCold    . . .     Gourm    .   (no shield)
rNeg     . . .     Faith    .   g - +0 ring mail
rPois    .         Spirit   .   d - +2 helmet
rElec    .         Reflect  .   (no cloak)
rCorr    +         Harm     .   (no gloves)
MR       .....                  (no barding)
Stlth    ..........             (no amulet)
HPRegen  0.17/turn              e - ring of resist corrosion
MPRegen  0.11/turn              (no ring)

@: lightly drained, very quick
A: large, hooves 3, deformed body, speed 2, tough skin 3
a: Depart the Abyss, Bend Space, Renounce Religion


You were on level 3 of the Dungeon.
You worshipped Lugonu.
Lugonu was pleased with you.
You were hungry.

You visited 1 branch of the dungeon, and saw 4 of its levels.
You visited the Abyss 1 time.

You collected 213 gold pieces.

Inventory:

Hand Weapons
 a - a +3 hand axe (weapon)
Armour
 d - a +2 helmet (worn)
 g - a +0 ring mail (worn)
Jewellery
 e - a ring of resist corrosion (left hand)
 s - an uncursed ring of flight {unknown}
Wands
 r - a wand of random effects (26)
Scrolls
 f - 5 scrolls of teleportation
 h - a scroll of amnesia
Potions
 j - a potion of haste
 k - a potion of agility
 m - 2 potions of curing
Comestibles
 c - 6 rations


   Skills:
 + Level 3.9 Fighting
 + Level 3.3(3.2) Axes
 + Level 0.1(0.0) Throwing
 * Level 3.2(3.1) Armour
 * Level 1.9 Dodging
 * Level 3.6(3.5) Invocations


You had 5 spell levels left.
You didn't know any spells.
Your spell library was empty.

Dungeon Overview and Level Annotations

Branches:
Dungeon (4/15)
 Temple: D:4-7

Altars:
Cheibriados
Kikubaaqudgha

Annotations:
D:2 Mateji's ghost, weakling DrCj


Innate Abilities, Weirdness & Mutations

You have hooves in place of feet.
Armour fits poorly on your strangely shaped body.
You cover ground very quickly.
You have extremely tough skin. (AC +3)


Message History

The orc priest is lightly wounded.
The orc priest hits you but does no damage.
You barely miss the orc priest.
You kick the orc priest, but do no damage.
The orc priest is lightly wounded.
The orc priest hits you.
You completely miss the orc priest.
The orc priest is lightly wounded.
The orc priest hits you.
You hit the orc priest. Your kick misses the orc priest.
The orc priest is heavily wounded.
The orc priest barely misses you.
You barely miss the orc priest.
The orc priest is heavily wounded.
The orc priest calls down the wrath of Beogh upon you.
Beogh smites you!
* * * LOW HITPOINT WARNING * * *
The orc priest mumbles some strange prayers to Beogh against you.
Beogh smites you!
You die...

####.##..#(#..#............
#....###.#.#..#.#####......
#....# #......#.##.####.###
#....####..(....#..# #.#
#####.......#..##.###..# #.#
#...........#^.##.# #..####.#
#...........#..##.###..#....#
#...........#..#.......#....#
##########....#†@o............###
..............#[............#....
..............#.............#....
..............#.............#....
..............#...[...........###
#######'##...##.....(.......###
...<# #.##...##.............#
##### #.#######.............# #
#.# #.............#


You could see an orc priest.

Vanquished Creatures
  A big kobold (D:2)
  2 orc priests (D:4)
  Jessica (D:3)
  Ijyb (D:3)
  Natasha (thrice) (D:2)
  An orc wizard (D:4)
  3 gnolls (D:3)
  3 adders
  An ooze (D:4)
  A worm (D:3)
  2 dart slugs
  2 leopard geckos
  14 orcs
  10 bats
  A giant cockroach (D:1)
  3 goblins
  2 hobgoblins
  7 kobolds
  A quokka (D:3)
  A ball python (D:1)
  4 frilled lizards
  3 rats (D:1)
67 creatures vanquished.

Vanquished Creatures (others)
  A kobold (D:3)
  8 starspawn tentacles (Abyss:1)
9 creatures vanquished.

Grand Total: 76 creatures vanquished

Notes
Turn   | Place    | Note
-------+----------+-------------------------------------------
     0 | Abyss:1  | Gargoyl the Centaur Abyssal Knight began the quest for the
                  | Orb.
     0 | Abyss:1  | Reached XP level 1. HP: 19/19 MP: 2/2
     0 | Abyss:1  | Found a corrupted altar of Lugonu.
    38 | Abyss:1  | Noticed a small abomination
   160 | Abyss:1  | Found a corrupted altar of Lugonu.
   191 | Abyss:1  | Noticed a tentacled starspawn
   226 | Abyss:1  | Noticed a small abomination
   241 | Abyss:1  | Found a bloodstained altar of Trog.
   326 | Abyss:1  | Noticed a tentacled starspawn
   340 | Abyss:1  | Found a blossoming altar of Fedhas.
   343 | Abyss:1  | Noticed a ynoxinul
   345 | Abyss:1  | Noticed a large abomination
   350 | Abyss:1  | Noticed a rakshasa
   358 | Abyss:1  | Noticed a small abomination
   360 | D:1      | Escaped the Abyss
   528 | D:1      | Reached XP level 2. HP: 23/26 MP: 3/3
   700 | D:1      | Reached * piety under Lugonu
  1282 | D:2      | Reached skill level 1 in Dodging
  1282 | D:2      | Reached XP level 3. HP: 29/31 MP: 4/4
  1481 | D:2      | Noticed Natasha
  1497 | D:2      | Killed Natasha
  1672 | D:2      | Noticed Natasha
  1680 | D:2      | Killed Natasha
  1680 | D:2      | Reached XP level 4. HP: 31/38 MP: 5/5
  1741 | D:2      | Noticed Natasha
  1761 | D:2      | Killed Natasha
  2108 | D:3      | Found a snail-covered altar of Cheibriados.
  2192 | D:3      | Found a runed translucent gate.
  2192 | D:3      | Found a runed translucent gate.
  2192 | D:3      | Found a runed translucent gate.
  2193 | D:3      | Identified the +3 dagger of the Eel {drain, *Drain rPois
                  | rF++ Dex+2}
  2193 | D:3      | Noticed Mateji's ghost (weakling DrCj)
  2193 | D:3      | Noticed a big kobold
  2193 | D:3      | Noticed a big kobold
  2227 | D:3      | Reached XP level 5. HP: 29/46 MP: 7/7
  2384 | D:3      | Noticed Jessica
  2394 | D:3      | Killed Jessica
  2470 | D:3      | Noticed Ijyb
  2492 | D:3      | Killed Ijyb
  2682 | D:3      | Found an ancient bone altar of Kikubaaqudgha.
  2883 | D:2      | Reached XP level 6. HP: 18/52 MP: 8/8
  3253 | D:4      | Reached ** piety under Lugonu
  3770 | D:3      | Killed from afar by an orc priest

Skill      XL: |  1  2  3  4  5  6 |
---------------+-------------------+-----
Axes           | 2 3 |  3.3
Dodging        | 1 |  1.9
Armour         | 2 3 |  3.2
Invocations    | 3 |  3.6
Fighting       | |  3.9
Throwing       | |  0.1

Action                   |  1- 3 |  4- 6 || total
-------------------------+-------+-------++-------
Melee: Hand axe          |    79 |   142 ||   221
       Kick              |    16 |    30 ||    46
Throw: Tomahawk          |       |     3 ||     3
Invok: Depart the Abyss  |     1 |       ||     1
  Use: Scroll            |     9 |     4 ||    13
       Potion            |       |     7 ||     7
  Eat: Chunk             |       |     3 ||     3
       Ration            |       |     1 ||     1
Armor: Ring mail         |    77 |    67 ||   144
Dodge: Dodged            |    48 |    65 ||   113
